 Dungeon Crawl Stone Soup version 0.29.0-13-gc9e81de378 (webtiles) character file.

Game seed: 12815658322175222736

43 SnakkuSnakku7 the Trooper (level 3, 0/39 HPs)
             Began as an Ogre Enchanter on Sept 7, 2022.
             Slain by an orc
             ... wielding a +0 falchion
              (5 damage)
             ... on level 2 of the Dungeon.
             The game lasted 00:01:50 (1308 turns).

SnakkuSnakku7 the Trooper (Ogre Enchanter)          Turns: 1308, Time: 00:01:51

Health: 0/39       AC:  3    Str: 12    XL:     3   Next: 58%
Magic:  6/6        EV: 10    Int: 16    God:
Gold:   113        SH:  0    Dex: 11    Spells: 6/6 levels left

rFire   . . .      SeeInvis .   a - +1 dagger
rCold   . . .      Faith    .   (no shield)
rNeg    . . .      Spirit   .   b - +0 robe
rPois   .          Reflect  .   (helmet restricted)
rElec   .          Harm     .   (no cloak)
rCorr   .          Rampage  .   (gloves unavailable)
Will    .....                   (boots unavailable)
Stlth   ++........              (no amulet)
HPRegen 0.13/turn               (no ring)
MPRegen 0.10/turn               (no ring)

@: no status effects
A: large, unfitting armour, tough skin 1
a: no special abilities


You were on level 2 of the Dungeon.
You visited 1 branch of the dungeon, and saw 3 of its levels.

You collected 113 gold pieces.

Inventory:

Hand Weapons
 a - a +1 dagger (weapon)
Armour
 b - a +0 robe (worn)
Jewellery
 f - an amulet of the acrobat
Scrolls
 d - a scroll of enchant armour
 g - a scroll of teleportation
 j - a scroll of blinking
 k - a scroll of torment {unknown}
 l - a scroll of amnesia {unknown}
Potions
 c - 2 potions of invisibility
 e - a potion of lignification {unknown}
 h - a potion of cancellation
 i - a potion of curing


   Skills:
 + Level 4.2 Fighting
 - Level 0.8 Short Blades
 - Level 1.7 Dodging
 - Level 2.1 Stealth
 - Level 2.4 Spellcasting
 - Level 2.6 Hexes


You had 6 spell levels left.
You didn't know any spells.
Your spell library contained the following spells:

 Spells                   Type           Power      Damage    Failure   Level
 Ensorcelled Hibernation  Hex/Ice        12%        N/A       17%         2
 Confusing Touch          Hex            10%        N/A       21%         3
 Tukima's Dance           Hex            10%        N/A       21%         3
 Dazzling Flash           Conj/Hex       12%        N/A       34%         3


Dungeon Overview and Level Annotations

Branches:
Dungeon (3/15)

Altars:


Innate Abilities, Weirdness & Mutations

You are too large for most types of armour.
You have tough skin. (AC +1)


Message History

The adder is severely wounded.
You feel sick. The adder bites you.
* * * LOW HITPOINT WARNING * * *
An orc comes into view. It is wielding a +0 falchion.
You closely miss the adder.
The adder is severely wounded.
You feel sick. The adder bites you but does no damage.
You closely miss the adder.
The adder is severely wounded.
You feel sick.
You are no longer poisoned.
The adder bites you but does no damage. The adder closely misses you.
You hit the adder.
You kill the adder!
Your Fighting skill increases to level 4!
You hit the rat.
You kill the rat!
You closely miss the orc. The orc hits you with a +0 falchion.
* * * LOW HITPOINT WARNING * * *
You hit the orc.
The orc is moderately wounded.
The orc hits you with a +0 falchion.
* * * LOW HITPOINT WARNING * * *
You hit the orc.
The orc is heavily wounded.
An orc wizard comes into view. It is wielding a +0 dagger.
The orc barely misses you.
An orc comes into view. It is wielding a +0 dagger.
There is a stone staircase leading up here.
The orc hits you with a +0 falchion.
* * * LOW HITPOINT WARNING * * *
You climb upwards.
There is a stone staircase leading down here.
You barely miss the orc.
The orc is moderately wounded.
The orc hits you but does no damage.
You hit the orc.
The orc is heavily wounded.
The orc hits you with a +0 falchion.
You die...

#... #.# #..# #.#
#..# #.#
#########..# #.#
#..........######
#.#
#####.........#
#.# #.##.####.#
#.# #.##.# #.#
#.#
##########.##@#
#.#####.#
#..........##o#
#.......#
#.###########.#
######### #.# #.#
####.##### #.#
.........# #.#
..)..###.# #.#
###### ..#


You could see an orc.

Vanquished Creatures
  An adder (D:3)
  2 dart slugs (D:1)
  3 bats (D:1)
  An endoplasm (D:1)
  3 giant cockroaches (D:1)
  2 hobgoblins
  3 jackals (D:1)
  A quokka (D:1)
  3 ball pythons (D:1)
  3 frilled lizards
  2 goblins (D:1)
  5 rats
29 creatures vanquished.

Notes
Turn   | Place    | Note
-------+----------+-------------------------------------------
     0 | D:1      | SnakkuSnakku7 the Ogre Enchanter began the quest for the
                  | Orb.
     0 | D:1      | Reached XP level 1. HP: 16/16 MP: 3/3
    59 | D:1      | Reached skill level 1 in Fighting
   256 | D:1      | Reached skill level 2 in Fighting
   257 | D:1      | Reached XP level 2. HP: 8/28 MP: 5/5
   757 | D:1      | Reached skill level 3 in Fighting
   798 | D:1      | Reached XP level 3. HP: 25/37 MP: 6/6
  1295 | D:3      | Reached skill level 4 in Fighting
  1308 | D:2      | Slain by an orc

Illustrated notes

Levels and vault maps discovered:
D:1:      lightli_arrival_chessboard, layout_loops_ring
D:2:      cheibrodos_pilgrimage, layout_loops_ring,
          shapermc_ecumenical_altar_notcrosses
D:3:      layout_loops_cross, led_xom_imps, ebering_ghost_inner_flame,
          chequers_serial_rivers_large_a

Skill      XL: |  1  2  3 |
---------------+----------+-----
Fighting       | 2 3 4 |  4.2
Short Blades   | |  0.8
Dodging        | |  1.7
Stealth        | |  2.1
Spellcasting   | |  2.4
Hexes          | |  2.6

Action                   || total
-------------------------++-------
Melee: Dagger            ||   149
       Punch             ||     1
  Use: Scroll            ||     5
 Stab: Sleeping          ||     3
Armor: Robe              ||    49
Dodge: Dodged            ||    88
